 Dungeon Crawl Stone Soup version 0.29.0-11-gd7f09526c8 (webtiles) character file.

Game seed: 5670640928971293132

242 gelatine the Shield-Bearer (level 6, -2/39 HPs)
             Began as a Gargoyle Fighter on Sept 6, 2022.
             Was a Priest of Qazlal.
             Killed by divine providence
             ... invoked by an orc priest
              (10 damage)
             ... on level 4 of the Dungeon.
             The game lasted 00:07:45 (2957 turns).

gelatine the Shield-Bearer (Gargoyle Fighter)       Turns: 2957, Time: 00:07:45

Health: -2/39      AC: 14    Str: 19    XL:     6   Next: 9%
Magic:  7/7        EV:  7    Int:  9    God:    Qazlal [***...]
Gold:   244        SH: 13    Dex: 11    Spells: 5/5 levels left

rFire   . . .      SeeInvis .   a - +0 flail
rCold   . . .      Faith    .   c - +0 buckler
rNeg    + + .      Spirit   .   k - +0 chain mail
rPois   ∞          Reflect  +   (no helmet)
rElec   +          Harm     .   n - scarf {repulsion}
rCorr   .          Rampage  .   f - +0 pair of gloves
Will    .....                   (no boots)
Stlth   ..........              i - amulet of reflection
HPRegen 0.13/turn               r - ring of positive energy
MPRegen 0.10/turn               (no ring)

@: repel missiles
A: sickness immunity, AC +4, negative energy resistance 1, electricity
resistance, torment resistance 1, petrification resistance
a: Renounce Religion, Upheaval, Elemental Force


You were on level 4 of the Dungeon.
You worshipped Qazlal.
Qazlal was most pleased with you.
You visited 1 branch of the dungeon, and saw 4 of its levels.

You collected 244 gold pieces.

Inventory:

Hand Weapons
 a - a +0 flail (weapon)
 q - a +0 morningstar
Missiles
 o - 7 poisoned darts (quivered)
Armour
 b - a +0 scale mail
 c - a +0 buckler (worn)
 f - a +0 pair of gloves (worn)
 k - a +0 chain mail (worn)
 n - a scarf of repulsion (worn)
 z - a +0 cloak
Jewellery
 i - an amulet of reflection (around neck)
 r - a ring of positive energy (left hand)
Wands
 m - a wand of flame (14)
 y - a wand of light (10)
Scrolls
 h - 2 scrolls of enchant armour {unknown}
 j - a scroll of vulnerability {unknown}
 l - 4 scrolls of identify {unknown}
 t - a scroll of noise {unknown}
 u - a scroll of enchant weapon {unknown}
 w - a scroll of fear {unknown}
 x - a scroll of butterflies {unknown}
 A - a scroll of poison {unknown}
Potions
 d - a potion of might
 e - 2 potions of heal wounds {unknown}
 g - 2 potions of curing {unknown}
 p - 2 potions of attraction {unknown}
 s - a potion of ambrosia {unknown}
 v - 2 potions of lignification {unknown}


   Skills:
 * Level 4.3 Fighting
 + Level 3.6 Maces & Flails
 + Level 3.8 Armour
 + Level 1.0 Dodging
 + Level 0.1 Stealth
 + Level 4.4 Shields
 * Level 2.0 Invocations


You had 5 spell levels left.
You didn't know any spells.
Your spell library contained the following spells:

 Spells                   Type           Power      Damage    Failure   Level
 Apportation              Tloc           0%         N/A       99%         1
 Magic Dart               Conj           0%         1d3       99%         1
 Necrotise                Necr           0%         1d4       99%         1
 Sting                    Tmut/Pois      0%         1d3       99%         1
 Summon Small Mammal      Summ           0%         N/A       99%         1
 Call Imp                 Summ           0%         N/A       100%        2
 Ensorcelled Hibernation  Hex/Ice        0%         N/A       100%        2
 Passwall                 Tmut/Erth      0%         N/A       100%        2
 Poisonous Vapours        Pois/Air       0%         N/A       100%        2
 Mephitic Cloud           Conj/Pois/Air  0%         N/A       100%        3
 Portal Projectile        Hex/Tloc       0%         N/A       100%        3
 Swiftness                Air            0%         N/A       100%        3
 Tukima's Dance           Hex            0%         N/A       100%        3
 Olgreb's Toxic Radiance  Pois           0%         N/A       100%        4
 Blade Hands              Tmut           0%         N/A       100%        5


Dungeon Overview and Level Annotations

Branches:
Dungeon (4/15)
 Temple: D:4-7

Altars:
Qazlal
Zin


Innate Abilities, Weirdness & Mutations

You are immune to sickness and miasma.
Your stone body is resilient. (AC +4)
You are immune to poison.
You resist negative energy. (rN+)
You are resistant to electric shocks. (rElec)
You are resistant to unholy torment.
You are immune to petrification.


Message History

The iguana bites you!
Unknown command.
You closely miss the iguana.
The iguana is lightly wounded.
The iguana bites you.
You sock the iguana!
The iguana is heavily wounded.
You block the iguana's attack.
You hit the iguana.
The iguana is severely wounded.
The iguana bites you!
* * * LOW HITPOINT WARNING * * *
The iguana bites you but does no damage.
You thump the iguana!
You kill the iguana!
Qazlal accepts your kill.
You have reached level 6!
You closely miss the orc. You sock the orc!
You kill the orc!
Qazlal accepts your kill. The orc completely misses you.
Your Invocations skill increases to level 2!
You sock the orc!
You kill the orc!
Qazlal accepts your kill. You block the orc priest's attack.
There is an open door here.
Items here: ))) [[ †.
You hit the orc priest.
The orc priest is lightly wounded.
The orc priest hits you but does no damage.
You sock the orc priest!
The orc priest is heavily wounded.
You block the orc priest's attack.
You hit the orc priest but do no damage.
The orc priest is heavily wounded.
The orc priest invokes the aid of Beogh against you.
Beogh smites you!
You die...

.. .. #. +. #. ###+##.
......#
.......####......#
.$....o@).#......#
.......#..#......#
.......#.##......##
.....###.#..............
.....#...#..............
.... #...'......... ....
... ###+#......... ...
... #....############.
#....#..........#.


You could see an orc priest.

Vanquished Creatures
  Natasha (twice) (D:2)
  2 iguanas
  2 adders (D:3)
  An ufetubus (D:4)
  A dart slug (D:3)
  16 orcs
  7 endoplasms
  4 giant cockroaches
  9 goblins
  10 hobgoblins
  7 jackals (D:3)
  2 quokkas (D:2)
  5 ball pythons (D:1)
  6 bats
  3 frilled lizards (D:3)
  7 kobolds
  12 rats
96 creatures vanquished.

Vanquished Creatures (others)
  2 fungi (D:1)
  2 plants (D:1)
4 creatures vanquished.

Grand Total: 100 creatures vanquished

Notes
Turn   | Place    | Note
-------+----------+-------------------------------------------
     0 | D:1      | gelatine the Gargoyle Fighter began the quest for the Orb.
     0 | D:1      | Reached XP level 1. HP: 14/14 MP: 1/1
    30 | D:1      | Found a faded altar of an unknown god.
   160 | D:1      | Reached XP level 2. HP: 19/19 MP: 2/2
   226 | D:1      | Prayed at the altar of an unknown god.
   226 | D:1      | Became a worshipper of Qazlal Stormbringer
   226 | D:1      | Reached * piety under Qazlal
   519 | D:1      | Reached XP level 3. HP: 24/24 MP: 3/3
   748 | D:2      | Found a glowing silver altar of Zin.
   990 | D:2      | Noticed Natasha
   996 | D:2      | Killed Natasha
   997 | D:2      | Reached XP level 4. HP: 29/29 MP: 4/4
  1001 | D:2      | Reached ** piety under Qazlal
  1007 | D:2      | Noticed Natasha
  1015 | D:2      | Killed Natasha
  1016 | D:2      | Reached skill level 1 in Invocations
  1553 | D:3      | Reached XP level 5. HP: 27/33 MP: 5/5
  1677 | D:3      | Reached skill level 1 in Dodging
  2800 | D:4      | Reached *** piety under Qazlal
  2951 | D:4      | Reached XP level 6. HP: 7/39 MP: 7/7
  2957 | D:4      | Killed from afar by an orc priest

Illustrated notes

Levels and vault maps discovered:
D:1:      lemuel_arrival_rhombus, layout_rooms,
          shapermc_ecumenical_altar_mp_ritualfount, hangedman_decor_growths,
          minmay_quantized
D:2:      layout_basic, basic_altar, uniq_natasha
D:3:      layout_basic, minmay_randomly_rotated_circles
D:4:      layout_gridville, serial_shops, shop

Skill      XL: |  1  2  3  4  5  6 |
---------------+-------------------+-----
Fighting       | 4 |  4.3
Shields        | 4 |  4.4
Invocations    | 1 2 |  2.0
Dodging        | 1 |  1.0
Maces & Flails | 3 |  3.6
Armour         | |  3.8
Stealth        | |  0.1

Action                   |  1- 3 |  4- 6 || total
-------------------------+-------+-------++-------
Melee: Flail             |   113 |   144 ||   257
Armor: Scale mail        |    72 |    26 ||    98
       Chain mail        |       |    39 ||    39
Dodge: Dodged            |    74 |    29 ||   103
Block: Buckler           |    68 |   113 ||   181
